cohdb
Replays
Latest Replays
All Replays
Popular Replays
Top Player Replays
Match Explorer
How It Works
Community
CoH3 Stats
Reddit
Sign in to upload your games and track your stats! →
Sign in with Steam
Match 42160283
Unlisted
Match 42160283
Overview
Messages
Build Orders
End
Kettenkrad Recon Vehicle
Construct Infanterie Kompanie
MG 42 Machine Gun Team
MG 42 Machine Gun Team
GrW 34 Mortar Team
Construct Luftwaffe Kompanie
221 Scout Car
MG 42 Machine Gun Team
Support Elements
Jäger Squad
Wirbelwind Flakpanzer
Jäger Squad
Wirbelwind Flakpanzer
Pioneer Squad
Medical Station
Side Skirts
MG 42 Bunker
Jäger Squad
Wirbelwind Flakpanzer
Selects Terror Battlegroup
Selects Machine Gun Camouflage
Selects Contempt for the Weak
Selects Propaganda Leaflet Drop
Selects V1 Rocket Strike
Wirbelwind Flakpanzer
Selects No Quarter
Luftwaffe Officer Quarters
MG 42 Bunker
V1 Rocket Strike
Propaganda Leaflet Drop
COLYT
Kenan
SHEF
mooncat_black
STALKER4732
SoyaLors
ezh
kit.ohume
0
0
Comments
sign in to comment!
No comments posted yet!